 Dungeon Crawl Stone Soup version 0.31.0-4-g52a2dc7128 (webtiles) character file.

Game seed: 7054056005320933686

79 H0rd4k the Charlatan (level 4, -3/33 HPs)
             Began as a Human Artificer on Jan 22, 2024.
             Slain by an orc
             ... wielding a +0 mace
              (6 damage)
             ... on level 2 of the Dungeon.
             The game lasted 00:02:31 (1647 turns).

H0rd4k the Charlatan (Human Artificer)              Turns: 1647, Time: 00:02:32

Health: -3/33      AC:  3    Str: 12    XL:     4   Next: 37%
Magic:  4/4        EV: 11    Int: 14    God:
Gold:   88         SH:  0    Dex: 13    Spells: 3/3 levels left

rFire   . . .        a - +0 club
rCold   . . .        (no shield)
rNeg    . . .        b - +0 leather armour
rPois   .            (no helmet)
rElec   .            (no cloak)
rCorr   .            (no gloves)
SInv    .            (no boots)
Will    .....        (no amulet)
Stlth   +            (no ring)
HPRegen 0.25/turn    (no ring)
MPRegen 0.09/turn

%: no passive effects
@: no status effects
A: explore regen
a: no special abilities


You were on level 2 of the Dungeon.
You visited 1 branch of the dungeon, and saw 3 of its levels.

You collected 88 gold pieces.

Inventory:

Hand Weapons
 a - a +0 club (weapon)
Missiles
 h - a throwing net
Armour
 b - a +0 leather armour (worn)
Wands
 c - a wand of flame (8) (quivered)
 d - a wand of charming (14)
 e - a wand of iceblast (5)
Scrolls
 j - a scroll of butterflies {unknown}
 k - a scroll of enchant armour {unknown}
 l - a scroll of poison {unknown}
 m - a scroll of identify {unknown}
Potions
 f - a potion of berserk rage {unknown}
 g - a potion of curing {unknown}
 i - a potion of brilliance {unknown}


   Skills:
 + Level 2.0 Fighting
 + Level 2.0 Maces & Flails
 - Level 2.0 Armour
 - Level 1.0 Dodging
 - Level 1.0 Stealth
 + Level 4.0 Evocations


You had 3 spell levels left.
You didn't know any spells.
Your spell library contained the following spells:

 Spells                   Type           Power      Damage    Failure   Level
 Shock                    Conj/Air       0%         1d3       36%         1
 Blink                    Tloc           0%         N/A       50%         2
 Lesser Beckoning         Tloc           0%         N/A       50%         2
 Momentum Strike          Conj/Tloc      0%         3d8       50%         2
 Swiftness                Air            0%         N/A       73%         3
 Airstrike                Air            0%         2d(0-16)  98%         4


Dungeon Overview and Level Annotations

Branches:
Dungeon (3/15)

Altars:


Innate Abilities, Weirdness & Mutations

You regain HP and MP as you explore.


Message History

The dart slug is heavily wounded.
The dart slug barely misses you.
You hit the dart slug but do no damage.
The dart slug is heavily wounded.
The dart slug misses you.
You hit the dart slug but do no damage.
The dart slug is heavily wounded.
The dart slug launches a dart at you. The slug dart hits you.
You hit the dart slug.
You kill the dart slug!
You see here a dart slug corpse.
Done exploring.
Done exploring.
Done exploring.
Done exploring.
Unknown command.
There is a stone staircase leading down here.
You climb downwards.
You hear the sound of rushing water.
There is an entrance to a sewer on this level.
Hurry and find it before the portal rusts away!
The orc shouts! x2; The orc wizard shouts!
Found a dagger and a scroll labelled URAOWU MEB.
There is a stone staircase leading up here.
The orc shouts!
You hit the orc but do no damage. The orc barely misses you.
The orc closely misses you. The orc barely misses you.
You climb upwards.
There is a stone staircase leading down here.
The orc attacks as it pursues you! The orc hits you with a +0 mace.
You closely miss the orc. The orc hits you with a +0 mace.
You hit the orc but do no damage. The orc hits you with a +0 mace!
You completely miss the orc. The orc hits you with a +0 mace!
You barely miss the orc. The orc hits you with a +0 mace.
You hit the orc but do no damage. The orc hits you with a +0 mace.
The orc hits you with a +0 mace!
* * * LOW HITPOINT WARNING * * *
You completely miss the orc. The orc barely misses you.
You closely miss the orc. The orc hits you with a +0 mace.
You die...

...##.##.####...........# ###..
........................# ##..
......##..###..>........######..#
....#.###...#..................##
...##.# ###.#............#######
...##.# #....)..........####
...##.# ###...o########....####
....#.# ###..##o# ###......
....#.# #...###@# #......
....#.####.### #.### ##.....
......)....# #...## #.....
..........## ###..## #.....
#.........# ##..# #.....
##........### ##.### #.....
#..........## #...# #..†..
#........#..### ###.### #.....
#........##...#### #...# ######


You could see 2 orcs.

Vanquished Creatures
  3 adders (D:2)
  3 dart slugs
  A ribbon worm (D:2)
  3 bats
  3 endoplasms
  2 giant cockroaches (D:1)
  7 goblins
  A hobgoblin (D:1)
  2 quokkas (D:1)
  6 ball pythons
  A frilled lizard (D:2)
  4 kobolds
  3 rats
39 creatures vanquished.

Vanquished Creatures (collateral kills)
  An endoplasm (D:2)
  A hobgoblin (D:2)
  A kobold (D:2)
3 creatures vanquished.

Grand Total: 42 creatures vanquished

Notes
Turn   | Place    | Note
-------+----------+-------------------------------------------
     0 | D:1      | H0rd4k the Human Artificer began the quest for the Orb.
     0 | D:1      | Reached XP level 1. HP: 15/15 MP: 1/1
   298 | D:1      | Reached XP level 2. HP: 21/21 MP: 2/2
   606 | D:1      | Reached XP level 3. HP: 21/26 MP: 3/3
   731 | D:1      | Reached skill level 1 in Maces & Flails
  1127 | D:2      | Reached XP level 4. HP: 23/33 MP: 4/4
  1233 | D:2      | Reached skill level 4 in Evocations
  1647 | D:2      | Slain by an orc

Illustrated notes

Levels and vault maps discovered:
D:1:      moated_graveyard_arrival, layout_basic
D:2:      layout_rooms
D:3:      layout_basic, serial_shops, shop, lightli_sewer_entry_pipes,
          minmay_three_crescents

Skill      XL: |  1  2  3  4 |
---------------+-------------+-----
Maces & Flails | 1 2 |  2.0
Evocations     | 4 |  4.0
Fighting       | 2 |  2.0
Armour         | |  2.0
Dodging        | |  1.0
Stealth        | |  1.0

Action                     |  1- 3 |  4- 6 || total
---------------------------+-------+-------++-------
  Melee: Club              |   146 |    44 ||   190
         Punch             |     2 |     1 ||     3
  Evoke: Wand              |     4 |     4 ||     8
   Stab: Sleeping          |     2 |       ||     2
 Armour: Leather armour    |   101 |    33 ||   134
  Dodge: Dodged            |    95 |    20 ||   115
